 Dungeon Crawl Stone Soup version 0.30.0-30-g96aa6591b8 (webtiles) character file.

Game seed: 14269789045270718268

66 Dordric the Slasher (level 4, 0/33 HPs)
             Began as a Djinni Warper on June 29, 2023.
             Killed from afar by Natasha (6 damage)
             ... with a magic dart
             ... on level 1 of the Dungeon.
             The game lasted 00:01:43 (1138 turns).

Dordric the Slasher (Djinni Warper)                 Turns: 1138, Time: 00:01:44

Health: 0/33       AC:  4    Str: 10    XL:     4   Next: 37%
Gold:   40         EV: 12    Int: 14    God:
                   SH:  0    Dex: 15

rFire   + + .        h - +0 sling
rCold   x . .        (no shield)
rNeg    . . .        b - +0 leather armour
rPois   ∞            m - +0 helmet
rElec   .            (no cloak)
rCorr   .            (no gloves)
SInv    .            (boots unavailable)
Will    .....        (no amulet)
Stlth   +            (no ring)
HPRegen 0.25/turn    (no ring)
MPRegen 0.00/turn

%: infuse magic (-1 HP)
@: flying, slowed, very slow
A: sickness immunity, fire resistance 2, cold vulnerability 1, float, innate
caster, HP casting, extra vitality 1
a: no special abilities


You were on level 1 of the Dungeon.
You visited 1 branch of the dungeon, and saw 2 of its levels.

You collected 40 gold pieces.

Inventory:

Hand Weapons
 a - a +0 falchion
 h - a +0 sling (weapon)
 n - a +1 dagger of holy wrath
Missiles
 d - 7 boomerangs of dispersal
 g - 2 boomerangs
Armour
 b - a +0 leather armour (worn)
 e - a +0 ring mail
 m - a +0 helmet (worn)
Scrolls
 c - 3 scrolls of blinking
 f - a scroll of immolation {unknown}
 j - a scroll of torment {unknown}
 k - 2 scrolls of identify {unknown}
Potions
 i - a potion of curing {unknown}
 l - 2 potions of invisibility {unknown}
 o - a potion of brilliance {unknown}


   Skills:
 - Level 2.0 Fighting
 + Level 3.9 Long Blades
 - Level 0.7 Throwing
 - Level 1.0 Armour
 - Level 2.1 Dodging
 - Level 2.4 Spellcasting


You knew the following spells:

 Your Spells              Type           Power      Damage    Failure   Level
a - Blink                 Tloc           16%        N/A       17%         2
b - Lesser Beckoning      Tloc           16%        N/A       17%         2
c - Vhi's Electric Charg  Tloc/Air       16%        N/A       34%         3
d - Teleport Other        Tloc           8%         N/A       34%         3
e - Manifold Assault      Tloc           8%         N/A       75%         4
f - Sting                 Tmut/Pois      32%        1d4       12%         1
Your spell library was empty.

Dungeon Overview and Level Annotations

Branches:
Dungeon (2/15)

Altars:

Annotations:
D:1 Natasha


Innate Abilities, Weirdness & Mutations

You are immune to sickness and miasma.
You are immune to poison.
Your flesh is very heat resistant. (rF++)
You are vulnerable to cold. (rC-)
You float through the air rather than walking.
You learn spells naturally, not from books.
Your magical power is your life essence.
You have superior vitality. (+4 MHP)


Message History

You are too injured to fight recklessly!
You are too injured to fight recklessly!
You are too injured to fight recklessly!
You are too injured to fight recklessly!
You are too injured to fight recklessly!
You are too injured to fight recklessly!
You are too injured to fight recklessly!
You are too injured to fight recklessly!
You are too injured to fight recklessly!
You are too injured to fight recklessly!
Unknown command.
Natasha casts a spell.
There is a stone staircase leading up here.
Natasha claws you. Natasha barely misses you.
You fly upwards.
The cerulean imp disappears in a puff of smoke!
There is a stone staircase leading down here.
Cast which spell? (? or * to list)
Okay, then.
Cast which spell? (? or * to list)
You blink.
Natasha mewls in sadness.
Natasha mumbles some strange words.
Natasha glows brightly for a moment.
You feel stable enough to blink again.
Natasha stares at you and mumbles some strange words.
You feel as though you will be slow longer.
Natasha stares at you and mumbles some strange words.
You feel as though you will be slow longer.
Natasha attacks as you move away! Natasha claws you but does no damage.
Natasha claws you.
* * * LOW HITPOINT WARNING * * *
Natasha casts a spell.
Natasha stares at you and mumbles some strange words.
You resist with some effort.
The cerulean imp hits you from afar with a +1 spear.
* * * LOW HITPOINT WARNING * * *
Natasha casts a spell at you. The magic dart hits you.
You die...

##### ###############
#...###..5h@........#
####
#.#.....###########.#####
...# #...##### #.....>.#
##.# ##.## #.#####.#
##.####.##############.#
#.#
...........##..........#
#.#
##.####....##÷#######..#
#.# #.# ###>.##.#####
#..#####.#
#[######.........#
#........#


You could see Natasha and a cerulean imp (summoned).

Vanquished Creatures
  Jessica (D:2)
  2 dart slugs (D:1)
  4 bats
  2 endoplasms (D:1)
  3 hobgoblins (D:1)
  4 jackals (D:1)
  3 ball pythons (D:1)
  A frilled lizard (D:1)
  5 goblins
  3 kobolds (D:1)
  5 rats (D:1)
33 creatures vanquished.

Notes
Turn   | Place    | Note
-------+----------+-------------------------------------------
     0 | D:1      | Dordric the Djinni Warper began the quest for the Orb.
     0 | D:1      | Dordric set off with the following spells memorised: Blink,
                  | Lesser Beckoning, Vhi's Electric Charge, Teleport Other,
                  | Manifold Assault.
     0 | D:1      | Reached XP level 1. HP: 18/18 MP: 0/0
    53 | D:1      | Reached skill level 2 in Long Blades
    61 | D:1      | Reached XP level 2. HP: 17/23 MP: 0/0
   314 | D:1      | Reached XP level 3. HP: 28/28 MP: 0/0
   314 | D:1      | Learned a level 1 spell: Sting
   341 | D:1      | Reached skill level 3 in Long Blades
  1040 | D:2      | Noticed Jessica
  1052 | D:2      | Killed Jessica
  1053 | D:2      | Reached XP level 4. HP: 21/33 MP: 0/0
  1116 | D:2      | Noticed Natasha
  1138 | D:1      | Killed from afar by Natasha

Illustrated notes

Levels and vault maps discovered:
D:1:      psy_arrival_heroes, layout_loops_ring, minmay_misc_feat_pillars,
          kennysheep_doodads, chequers_serial_rivers_small_3,
          minmay_pentomino_z2
D:2:      layout_rooms, basic_altar, serial_shops,
          nicolae_shop_advertising_works [nicolae_subvault_shop_adworks],
          uniq_jessica, uniq_natasha

Skill      XL: |  1  2  3 |
---------------+----------+-----
Long Blades    | 2 3 |  3.9
Fighting       | |  2.0
Throwing       | |  0.7
Armour         | |  1.0
Dodging        | |  2.1
Spellcasting   | |  2.4

Action                     |  1- 3 |  4- 6 || total
---------------------------+-------+-------++-------
  Melee: Falchion          |    19 |       ||    19
   Fire: Sling             |    89 |    17 ||   106
   Cast: Blink             |       |     1 ||     1
 Armour: Ring mail         |    15 |       ||    15
         Leather armour    |    12 |     1 ||    13
  Dodge: Dodged            |    51 |    12 ||    63
